Red Wings vs Blues

Created - November 24 2008 at 19:23

Goals
1 2 3 T
Red Wings 1 1 1 3
Blues 0 2 2 4
Shots
1 2 3 T
Red Wings 4 12 12 28
Blues 18 9 9 36

Period #1

1. Red Wings , Matt Ellis 5 (Jason Jaffray, Chris Conner) at 1:30

Penalties :
Jaroslav Spacek (DET) for Roughing (Minor) at 3:16, Darren McCarty (DET) for Hooking (Minor) at 6:53, Marek Malik (DET) for Hooking (Minor) at 11:52, Steve Downie (DET) for Interference (Minor) at 17:23

Period #2

2. Blues , Robert Lang 6 (Francois Beauchemin, Jean-Pierre Dumont) at 5:22
3. Blues , Martin St. Louis 9 (Eric Perrin, Tomas Plekanec) at 11:33
4. Red Wings , Fredrik Modin 3 (Jaroslav Spacek, Bobby Holik) at 15:54

Penalties :
Jean-Pierre Dumont (STL) for Holding Stick (Minor) at 12:34, Rory Fitzpatrick (DET) for Hooking (Minor) at 17:55

Period #3

5. Blues , Eric Perrin 4 (Martin St. Louis, Tomas Plekanec) at 4:24
6. Red Wings , Matt Ellis 6 (Alex Pietrangelo, Chris Conner) at 5:35
7. Blues , Gregory Campbell 2 (Sergei Fedorov, Guillaume Latendresse) at 18:49

Penalties :
Michael Peca (STL) for Tripping (Minor) at 7:25, Michael Rupp (DET) for Holding (Minor) at 14:49, Lee Stempniak (DET) for Interference (Minor) at 16:20

Goalie Stats

Curtis Sanford (DET), 32 saves from 36 shots - (0.889), L, 5-9-2, 60:00 minutes
Rick Dipietro (STL), 25 saves from 28 shots - (0.893), W, 7-1-1, 60:00 minutes

Players Stats

Red Wings
Player Name              G  A  P  +/- PIM S  H  SB FO    MP 
------------------------------------------------------------
Alex Pietrangelo         0  1  1   0  0   0  1  0  0/0   17 
Bobby Holik              0  1  1   0  0   1  1  1  10/14 18 
Chris Conner             0  2  2   0  0   1  0  0  0/1   13 
Darren McCarty           0  0  0   0  2   0  2  0  0/0   10 
Doug Weight              0  0  0  -1  0   5  0  0  11/18 19 
Frantisek Kaberle        0  0  0   0  0   0  0  1  0/0   23 
Fredrik Modin            1  0  1   0  0   2  0  0  5/9   18 
Jaroslav Spacek          0  1  1   0  2   2  4  1  0/0   23 
Jason Jaffray            0  1  1   0  0   1  0  1  5/14  13 
Jeff Tambellini          0  0  0  -1  0   4  0  0  0/1   15 
Lee Stempniak            0  0  0   0  2   2  1  0  2/8   16 
Marek Malik              0  0  0  -1  2   2  2  1  0/0   20 
Matt Ellis               2  0  2   0  0   2  0  0  0/0   14 
Michael Rupp             0  0  0   0  2   0  3  0  2/9   8  
Nate Thompson            0  0  0   0  0   1  0  0  1/2   11 
Noah Welch               0  0  0   0  0   0  2  0  0/0   13 
Rory Fitzpatrick         0  0  0  -1  2   0  2  1  0/0   19 
Steve Downie             0  0  0  -1  2   5  4  0  1/2   16 
Blues
Player Name              G  A  P  +/- PIM S  H  SB FO    MP 
------------------------------------------------------------
Eric Perrin              1  1  2   1  0   2  1  0  0/0   15 
Francois Beauchemin      0  1  1   1  0   1  0  1  0/0   17 
Gregory Campbell         1  0  1   1  0   1  0  0  4/7   6  
Guillaume Latendresse    0  1  1   1  0   3  0  0  1/1   6  
Jay Bouwmeester          0  0  0   2  0   2  1  1  0/0   25 
Jay Pandolfo             0  0  0  -2  0   0  1  1  1/3   16 
Jean-Pierre Dumont       0  1  1   1  2   3  0  0  0/0   18 
Joe Corvo                0  0  0  -2  0   1  0  1  0/0   19 
Kim Johnsson             0  0  0   1  0   2  0  0  0/0   21 
Ladislav Smid            0  0  0  -2  0   0  0  2  0/0   15 
Martin St. Louis         1  1  2   1  0   8  1  0  0/1   22 
Michael Peca             0  0  0  -2  2   2  1  0  10/17 20 
Phil Kessel              0  0  0   1  0   0  0  0  0/0   6  
Pierre-Marc Bouchard     0  0  0  -2  0   2  0  0  1/2   14 
Robert Lang              1  0  1   1  0   2  0  0  11/21 17 
Rostislav Olesz          0  0  0   1  0   5  2  0  1/1   17 
Sergei Fedorov           0  1  1   2  0   0  0  3  0/0   22 
Tomas Plekanec           0  2  2   1  0   2  1  0  12/25 20 

3 Stars

1 - Matt Ellis (DET)
2 - Eric Perrin (STL)
3 - Martin St. Louis (STL)

Power Play

Red Wings - 0 on 2 Attempt(s) - 0.00%
Blues - 0 on 7 Attempt(s) - 0.00%

Penalty Kill

Red Wings - 7 on 7 Attempt(s) - 100.00% - Score 0 goal in Penalty Kill
Blues - 2 on 2 Attempt(s) - 100.00% - Score 0 goal in Penalty Kill

Game Notes

No Game Note

Finance

Level 1 -- Attendance: 6417 (100.00%) -- Ticket Income $628,866.00
Level 2 -- Attendance: 5036 (94.18%) -- Ticket Income $292,088.00
Level 3 -- Attendance: 1987 (92.89%) -- Ticket Income $55,636.00
Level 4 -- Attendance: 4278 (100.00%) -- Ticket Income $51,336.00
Luxury Box -- Attendance: 822 (76.89%) -- Ticket Income $162,756.00
Game was played at the Scottrade Center
Total Attendance: 18540 (96.31%)
Total Ticket Income: $1,215,146.00
Other Income: $421,134.00
Total Income: $1,636,280.00


Team Lines

Red Wings

5 vs 5
   Center                   Left Wing                Right Wing               Defense                  Defense                  
 1 Bobby Holik              Fredrik Modin            Lee Stempniak            Jaroslav Spacek          Frantisek Kaberle        
 2 Doug Weight              Jeff Tambellini          Steve Downie             Marek Malik              Rory Fitzpatrick         
 3 Jason Jaffray            Matt Ellis               Chris Conner             Alex Pietrangelo         Noah Welch               
 4 Michael Rupp             Nate Thompson            Darren McCarty           Jaroslav Spacek          Frantisek Kaberle        

Power Play
   Center                   Left Wing                Right Wing               Defense                  Defense                  
 1 Bobby Holik              Fredrik Modin            Lee Stempniak            Jaroslav Spacek          Frantisek Kaberle        
 2 Doug Weight              Jeff Tambellini          Steve Downie             Marek Malik              Rory Fitzpatrick         

Penalty Kill - 4 Players
   Center                   Wing                     Defense                  Defense                  
 1 Fredrik Modin            Bobby Holik              Jaroslav Spacek          Frantisek Kaberle        
 2 Lee Stempniak            Doug Weight              Marek Malik              Rory Fitzpatrick         

4 vs 4
   Center                   Wing                     Defense                  Defense                  
 1 Fredrik Modin            Bobby Holik              Jaroslav Spacek          Frantisek Kaberle        
 2 Lee Stempniak            Doug Weight              Marek Malik              Rory Fitzpatrick         

Penalty Kill - 3 Players
   Forward                  Defense                  Defense                  
 1 Fredrik Modin            Jaroslav Spacek          Frantisek Kaberle        
 2 Bobby Holik              Marek Malik              Rory Fitzpatrick         

Goaltenders
Starting : Curtis Sanford           
Backup : Jocelyn Thibault         

Extra Forwards
Fredrik Modin, Bobby Holik, Lee Stempniak, Doug Weight, Steve Downie
Extra Defensemen
Jaroslav Spacek, Frantisek Kaberle, Marek Malik, Rory Fitzpatrick, Alex Pietrangelo
Penalty Shots
Fredrik Modin, Bobby Holik, Lee Stempniak, Doug Weight, Steve Downie
Coach Strategy
Physical Style: 1 - Defense Style: 2 - Offense Style: 2

Blues

5 vs 5
   Center                   Left Wing                Right Wing               Defense                  Defense                  
 1 Tomas Plekanec           Eric Perrin              Martin St. Louis         Jay Bouwmeester          Kim Johnsson             
 2 Robert Lang              Jean-Pierre Dumont       Rostislav Olesz          Francois Beauchemin      Sergei Fedorov           
 3 Michael Peca             Jay Pandolfo             Pierre-Marc Bouchard     Joe Corvo                Ladislav Smid            
 4 Gregory Campbell         Guillaume Latendresse    Phil Kessel              Jay Bouwmeester          Sergei Fedorov           

Power Play
   Center                   Left Wing                Right Wing               Defense                  Defense                  
 1 Tomas Plekanec           Jean-Pierre Dumont       Martin St. Louis         Jay Bouwmeester          Joe Corvo                
 2 Robert Lang              Jean-Pierre Dumont       Rostislav Olesz          Sergei Fedorov           Kim Johnsson             

Penalty Kill - 4 Players
   Center                   Wing                     Defense                  Defense                  
 1 Michael Peca             Jay Pandolfo             Jay Bouwmeester          Francois Beauchemin      
 2 Tomas Plekanec           Martin St. Louis         Sergei Fedorov           Kim Johnsson             

4 vs 4
   Center                   Wing                     Defense                  Defense                  
 1 Tomas Plekanec           Martin St. Louis         Joe Corvo                Kim Johnsson             
 2 Robert Lang              Pierre-Marc Bouchard     Jay Bouwmeester          Sergei Fedorov           

Penalty Kill - 3 Players
   Forward                  Defense                  Defense                  
 1 Michael Peca             Jay Bouwmeester          Sergei Fedorov           
 2 Tomas Plekanec           Francois Beauchemin      Ladislav Smid            

Goaltenders
Starting : Rick Dipietro            
Backup : Antero Niittymaki        

Extra Forwards
Martin St. Louis, Tomas Plekanec, Jean-Pierre Dumont, Rostislav Olesz, Michael Peca
Extra Defensemen
Jay Bouwmeester, Sergei Fedorov, Kim Johnsson, Francois Beauchemin, Joe Corvo
Penalty Shots
Martin St. Louis, Tomas Plekanec, Jean-Pierre Dumont, Robert Lang, Phil Kessel
Coach Strategy
Physical Style: 0 - Defense Style: 2 - Offense Style: 3

Play by Play

Period #1

0:01 of 1st period - Tomas Plekanec wins face-off versus Lee Stempniak in neutral zone.
0:04 of 1st period - Shot by Tomas Plekanec.
0:04 of 1st period - Shot Blocked by Bobby Holik.
0:44 of 1st period - Icing by Jaroslav Spacek.
0:45 of 1st period - Robert Lang wins face-off versus Lee Stempniak in Red Wings zone.
1:13 of 1st period - Shot by Steve Downie.
1:13 of 1st period - Deflect By Doug Weight.
1:13 of 1st period - Stopped by Rick Dipietro without a rebound.
1:14 of 1st period - Pierre-Marc Bouchard wins face-off versus Jason Jaffray in Blues zone.
1:28 of 1st period - Shot by Jason Jaffray.
1:28 of 1st period - Shot Blocked by Jay Pandolfo.
1:30 of 1st period - Shot by Matt Ellis.
1:30 of 1st period - Goal by Matt Ellis - Red Wings : 1 - Blues : 0.
1:31 of 1st period - Doug Weight wins face-off versus Gregory Campbell in neutral zone.
1:35 of 1st period - Icing by Jay Bouwmeester.
1:36 of 1st period - Gregory Campbell wins face-off versus Doug Weight in Blues zone.
1:36 of 1st period - Gregory Campbell is hit by Steve Downie.
2:11 of 1st period - Sergei Fedorov is hit by Steve Downie and loses puck.
2:47 of 1st period - Shot by Pierre-Marc Bouchard.
2:47 of 1st period - Shot Misses the Net.
2:49 of 1st period - Shot by Jay Pandolfo.
2:49 of 1st period - Shot Misses the Net.
2:51 of 1st period - Shot by Michael Peca.
2:51 of 1st period - Stopped by Curtis Sanford without a rebound.
2:52 of 1st period - Tomas Plekanec wins face-off versus Bobby Holik in Red Wings zone.
3:16 of 1st period - Minor Penalty to Jaroslav Spacek for Roughing.
3:17 of 1st period - Robert Lang wins face-off versus Fredrik Modin in Red Wings zone.
3:36 of 1st period - Shot by Rostislav Olesz.
3:36 of 1st period - Stopped by Curtis Sanford without a rebound.
3:37 of 1st period - Tomas Plekanec wins face-off versus Lee Stempniak in Red Wings zone.
3:54 of 1st period - Shot by Tomas Plekanec.
3:54 of 1st period - Shot Misses the Net.
3:56 of 1st period - Shot by Martin St. Louis.
3:56 of 1st period - Stopped by Curtis Sanford with a rebound.
3:58 of 1st period - Shot by Martin St. Louis.
3:58 of 1st period - Deflect By Tomas Plekanec.
3:58 of 1st period - Shot Misses the Net.
4:00 of 1st period - Shot by Jean-Pierre Dumont.
4:00 of 1st period - Shot Misses the Net.
4:08 of 1st period - Shot by Tomas Plekanec.
4:08 of 1st period - Shot Misses the Net.
5:09 of 1st period - Shot by Tomas Plekanec.
5:09 of 1st period - Deflect By Martin St. Louis.
5:09 of 1st period - Stopped by Curtis Sanford with a rebound.
5:11 of 1st period - Shot by Francois Beauchemin.
5:11 of 1st period - Shot Misses the Net.
5:13 of 1st period - Shot by Tomas Plekanec.
5:13 of 1st period - Shot Misses the Net.
5:15 of 1st period - Shot by Francois Beauchemin.
5:15 of 1st period - Stopped by Curtis Sanford without a rebound.
5:16 of 1st period - Jason Jaffray wins face-off versus Michael Peca in Red Wings zone.
6:10 of 1st period - Shot by Phil Kessel.
6:10 of 1st period - Shot Blocked by Rory Fitzpatrick.
6:12 of 1st period - Shot by Guillaume Latendresse.
6:12 of 1st period - Stopped by Curtis Sanford without a rebound.
6:13 of 1st period - Tomas Plekanec wins face-off versus Lee Stempniak in Red Wings zone.
6:36 of 1st period - Shot by Tomas Plekanec.
6:36 of 1st period - Stopped by Curtis Sanford without a rebound.
6:37 of 1st period - Michael Rupp wins face-off versus Robert Lang in Red Wings zone.
6:53 of 1st period - Minor Penalty to Darren McCarty for Hooking.
6:54 of 1st period - Fredrik Modin wins face-off versus Martin St. Louis in neutral zone.
7:02 of 1st period - Joe Corvo is hit by Alex Pietrangelo and loses puck.
7:55 of 1st period - Shot by Kim Johnsson.
7:55 of 1st period - Deflect By Rostislav Olesz.
7:55 of 1st period - Stopped by Curtis Sanford with a rebound.
7:59 of 1st period - Shot by Kim Johnsson.
7:59 of 1st period - Shot Misses the Net.
8:58 of 1st period - Shot by Joe Corvo.
8:58 of 1st period - Stopped by Curtis Sanford without a rebound.
8:59 of 1st period - Robert Lang wins face-off versus Jason Jaffray in Red Wings zone.
10:18 of 1st period - Phil Kessel is hit by Jaroslav Spacek and loses puck.
11:18 of 1st period - Pierre-Marc Bouchard is hit by Marek Malik and loses puck.
11:52 of 1st period - Minor Penalty to Marek Malik for Hooking.
11:53 of 1st period - Robert Lang wins face-off versus Lee Stempniak in Red Wings zone.
12:51 of 1st period - Shot by Jay Bouwmeester.
12:51 of 1st period - Stopped by Curtis Sanford without a rebound.
12:52 of 1st period - Fredrik Modin wins face-off versus Tomas Plekanec in Red Wings zone.
13:07 of 1st period - Shot by Martin St. Louis.
13:07 of 1st period - Stopped by Curtis Sanford without a rebound.
13:08 of 1st period - Robert Lang wins face-off versus Lee Stempniak in Red Wings zone.
13:21 of 1st period - Shot by Robert Lang.
13:21 of 1st period - Stopped by Curtis Sanford with a rebound.
13:53 of 1st period - Shot by Tomas Plekanec.
13:53 of 1st period - Deflect By Guillaume Latendresse.
13:53 of 1st period - Stopped by Curtis Sanford without a rebound.
13:54 of 1st period - Jason Jaffray wins face-off versus Michael Peca in Red Wings zone.
14:47 of 1st period - Shot by Phil Kessel.
14:47 of 1st period - Shot Blocked by Marek Malik.
14:53 of 1st period - Shot by Guillaume Latendresse.
14:53 of 1st period - Shot Misses the Net.
14:55 of 1st period - Shot by Guillaume Latendresse.
14:55 of 1st period - Stopped by Curtis Sanford without a rebound.
14:56 of 1st period - Lee Stempniak wins face-off versus Tomas Plekanec in Red Wings zone.
15:25 of 1st period - Shot by Martin St. Louis.
15:25 of 1st period - Stopped by Curtis Sanford with a rebound.
15:52 of 1st period - Rostislav Olesz is hit by Steve Downie and loses puck.
16:01 of 1st period - Shot by Jeff Tambellini.
16:01 of 1st period - Shot Misses the Net.
16:03 of 1st period - Shot by Rory Fitzpatrick.
16:03 of 1st period - Shot Blocked by Sergei Fedorov.
16:05 of 1st period - Shot by Steve Downie.
16:05 of 1st period - Stopped by Rick Dipietro with a rebound.
16:07 of 1st period - Shot by Steve Downie.
16:07 of 1st period - Shot Blocked by Francois Beauchemin.
16:11 of 1st period - Shot by Doug Weight.
16:11 of 1st period - Stopped by Rick Dipietro without a rebound.
16:12 of 1st period - Michael Peca wins face-off versus Michael Rupp in Blues zone.
16:17 of 1st period - Shot by Pierre-Marc Bouchard.
16:17 of 1st period - Stopped by Curtis Sanford with a rebound.
16:24 of 1st period - Icing by Frantisek Kaberle.
16:25 of 1st period - Gregory Campbell wins face-off versus Michael Rupp in Red Wings zone.
17:23 of 1st period - Minor Penalty to Steve Downie for Interference.
17:24 of 1st period - Tomas Plekanec wins face-off versus Fredrik Modin in neutral zone.
18:23 of 1st period - Shot by Michael Peca.
18:23 of 1st period - Shot Hit the Post.
18:25 of 1st period - Shot by Rostislav Olesz.
18:25 of 1st period - Stopped by Curtis Sanford without a rebound.
18:26 of 1st period - Fredrik Modin wins face-off versus Robert Lang in Red Wings zone.
18:35 of 1st period - Shot by Kim Johnsson.
18:35 of 1st period - Stopped by Curtis Sanford with a rebound.
18:37 of 1st period - Shot by Kim Johnsson.
18:37 of 1st period - Shot Hit the Post.
18:39 of 1st period - Shot by Kim Johnsson.
18:39 of 1st period - Shot Misses the Net.
18:43 of 1st period - Shot by Rostislav Olesz.
18:43 of 1st period - Shot Misses the Net.
18:45 of 1st period - Shot by Rostislav Olesz.
18:45 of 1st period - Shot Misses the Net.
19:34 of 1st period - Pierre-Marc Bouchard is hit by Noah Welch.

Period #2

0:01 of 2nd period - Tomas Plekanec wins face-off versus Bobby Holik in neutral zone.
0:07 of 2nd period - Eric Perrin is hit by Lee Stempniak and loses puck.
0:22 of 2nd period - Shot by Lee Stempniak.
0:22 of 2nd period - Deflect By Fredrik Modin.
0:22 of 2nd period - Shot Misses the Net.
1:26 of 2nd period - Shot by Robert Lang.
1:26 of 2nd period - Deflect By Jean-Pierre Dumont.
1:26 of 2nd period - Shot Misses the Net.
1:30 of 2nd period - Shot by Jean-Pierre Dumont.
1:30 of 2nd period - Stopped by Curtis Sanford without a rebound.
1:31 of 2nd period - Doug Weight wins face-off versus Michael Peca in Red Wings zone.
1:31 of 2nd period - Doug Weight is hit by Michael Peca.
1:45 of 2nd period - Shot by Jeff Tambellini.
1:45 of 2nd period - Stopped by Rick Dipietro without a rebound.
1:46 of 2nd period - Gregory Campbell wins face-off versus Chris Conner in Blues zone.
2:02 of 2nd period - Shot by Chris Conner.
2:02 of 2nd period - Shot Misses the Net.
2:39 of 2nd period - Icing by Rory Fitzpatrick.
2:40 of 2nd period - Doug Weight wins face-off versus Michael Peca in Red Wings zone.
4:16 of 2nd period - Jay Bouwmeester is hit by Michael Rupp and loses puck.
4:39 of 2nd period - Shot by Robert Lang.
4:39 of 2nd period - Deflect By Jean-Pierre Dumont.
4:39 of 2nd period - Shot Misses the Net.
4:41 of 2nd period - Shot by Rostislav Olesz.
4:41 of 2nd period - Stopped by Curtis Sanford without a rebound.
4:42 of 2nd period - Michael Peca wins face-off versus Jason Jaffray in Red Wings zone.
4:51 of 2nd period - Shot by Pierre-Marc Bouchard.
4:51 of 2nd period - Stopped by Curtis Sanford without a rebound.
4:52 of 2nd period - Doug Weight wins face-off versus Robert Lang in Red Wings zone.
4:52 of 2nd period - Doug Weight is hit by Rostislav Olesz.
5:08 of 2nd period - Shot by Steve Downie.
5:08 of 2nd period - Stopped by Rick Dipietro with a rebound.
5:16 of 2nd period - Shot by Robert Lang.
5:16 of 2nd period - Shot Misses the Net.
5:18 of 2nd period - Shot by Jean-Pierre Dumont.
5:18 of 2nd period - Shot Misses the Net.
5:22 of 2nd period - Shot by Robert Lang.
5:22 of 2nd period - Goal by Robert Lang - Red Wings : 1 - Blues : 1.
5:23 of 2nd period - Jason Jaffray wins face-off versus Jay Pandolfo in neutral zone.
5:23 of 2nd period - Jason Jaffray is hit by Jay Pandolfo.
6:10 of 2nd period - Icing by Noah Welch.
6:11 of 2nd period - Jason Jaffray wins face-off versus Tomas Plekanec in Red Wings zone.
6:11 of 2nd period - Jason Jaffray is hit by Eric Perrin.
6:25 of 2nd period - Shot by Martin St. Louis.
6:25 of 2nd period - Stopped by Curtis Sanford without a rebound.
6:26 of 2nd period - Doug Weight wins face-off versus Robert Lang in Red Wings zone.
6:26 of 2nd period - Doug Weight is hit by Rostislav Olesz.
6:36 of 2nd period - Shot by Jeff Tambellini.
6:36 of 2nd period - Stopped by Rick Dipietro without a rebound.
6:37 of 2nd period - Doug Weight wins face-off versus Tomas Plekanec in Blues zone.
6:51 of 2nd period - Shot by Jeff Tambellini.
6:51 of 2nd period - Stopped by Rick Dipietro without a rebound.
6:52 of 2nd period - Bobby Holik wins face-off versus Robert Lang in Blues zone.
6:55 of 2nd period - Shot by Lee Stempniak.
6:55 of 2nd period - Stopped by Rick Dipietro without a rebound.
6:56 of 2nd period - Bobby Holik wins face-off versus Robert Lang in Blues zone.
7:35 of 2nd period - Sergei Fedorov is hit by Rory Fitzpatrick and loses puck.
7:42 of 2nd period - Francois Beauchemin is hit by Steve Downie and loses puck.
8:06 of 2nd period - Off-side.
8:07 of 2nd period - Jason Jaffray wins face-off versus Jay Pandolfo in neutral zone.
8:15 of 2nd period - Off-side.
8:16 of 2nd period - Tomas Plekanec wins face-off versus Jason Jaffray in neutral zone.
8:52 of 2nd period - Jason Jaffray is hit by Martin St. Louis and loses puck.
9:32 of 2nd period - Shot by Jeff Tambellini.
9:32 of 2nd period - Shot Blocked by Ladislav Smid.
9:57 of 2nd period - Shot by Lee Stempniak.
9:57 of 2nd period - Deflect By Fredrik Modin.
9:57 of 2nd period - Shot Misses the Net.
9:59 of 2nd period - Shot by Jaroslav Spacek.
9:59 of 2nd period - Shot Misses the Net.
10:01 of 2nd period - Shot by Bobby Holik.
10:01 of 2nd period - Shot Misses the Net.
10:03 of 2nd period - Shot by Frantisek Kaberle.
10:03 of 2nd period - Shot Blocked by Joe Corvo.
10:05 of 2nd period - Shot by Bobby Holik.
10:05 of 2nd period - Shot Misses the Net.
10:07 of 2nd period - Shot by Jaroslav Spacek.
10:07 of 2nd period - Shot Misses the Net.
10:11 of 2nd period - Shot by Fredrik Modin.
10:11 of 2nd period - Shot Misses the Net.
10:15 of 2nd period - Shot by Bobby Holik.
10:15 of 2nd period - Stopped by Rick Dipietro without a rebound.
10:16 of 2nd period - Nate Thompson wins face-off versus Robert Lang in Blues zone.
10:17 of 2nd period - Shot by Michael Rupp.
10:17 of 2nd period - Shot Blocked by Sergei Fedorov.
10:19 of 2nd period - Shot by Jaroslav Spacek.
10:19 of 2nd period - Shot Misses the Net.
10:21 of 2nd period - Shot by Jaroslav Spacek.
10:21 of 2nd period - Shot Misses the Net.
10:33 of 2nd period - Shot by Jean-Pierre Dumont.
10:33 of 2nd period - Stopped by Curtis Sanford without a rebound.
10:34 of 2nd period - Doug Weight wins face-off versus Tomas Plekanec in Red Wings zone.
10:38 of 2nd period - Steve Downie is hit by Jay Bouwmeester and loses puck.
10:45 of 2nd period - Shot by Jeff Tambellini.
10:45 of 2nd period - Stopped by Rick Dipietro without a rebound.
10:46 of 2nd period - Bobby Holik wins face-off versus Gregory Campbell in Blues zone.
11:07 of 2nd period - Shot by Lee Stempniak.
11:07 of 2nd period - Deflect By Fredrik Modin.
11:07 of 2nd period - Shot Misses the Net.
11:09 of 2nd period - Shot by Fredrik Modin.
11:09 of 2nd period - Stopped by Rick Dipietro without a rebound.
11:10 of 2nd period - Tomas Plekanec wins face-off versus Jason Jaffray in Blues zone.
11:29 of 2nd period - Shot by Martin St. Louis.
11:29 of 2nd period - Shot Misses the Net.
11:31 of 2nd period - Shot by Eric Perrin.
11:31 of 2nd period - Shot Misses the Net.
11:33 of 2nd period - Shot by Martin St. Louis.
11:33 of 2nd period - Goal by Martin St. Louis - Red Wings : 1 - Blues : 2.
11:34 of 2nd period - Robert Lang wins face-off versus Jeff Tambellini in neutral zone.
11:43 of 2nd period - Shot by Rostislav Olesz.
11:43 of 2nd period - Stopped by Curtis Sanford without a rebound.
11:44 of 2nd period - Michael Peca wins face-off versus Doug Weight in Red Wings zone.
12:15 of 2nd period - Shot by Doug Weight.
12:15 of 2nd period - Shot Misses the Net.
12:34 of 2nd period - Minor Penalty to Jean-Pierre Dumont for Holding Stick.
12:35 of 2nd period - Bobby Holik wins face-off versus Tomas Plekanec in neutral zone.
12:38 of 2nd period - Shot by Lee Stempniak.
12:38 of 2nd period - Stopped by Rick Dipietro without a rebound.
12:39 of 2nd period - Bobby Holik wins face-off versus Tomas Plekanec in Blues zone.
12:48 of 2nd period - Shot by Jaroslav Spacek.
12:48 of 2nd period - Shot Blocked by Sergei Fedorov.
12:52 of 2nd period - Shot by Lee Stempniak.
12:52 of 2nd period - Shot Misses the Net.
12:54 of 2nd period - Shot by Frantisek Kaberle.
12:54 of 2nd period - Shot Misses the Net.
12:58 of 2nd period - Shot by Lee Stempniak.
12:58 of 2nd period - Shot Misses the Net.
13:00 of 2nd period - Shot by Jaroslav Spacek.
13:00 of 2nd period - Stopped by Rick Dipietro without a rebound.
13:01 of 2nd period - Michael Peca wins face-off versus Doug Weight in Blues zone.
13:53 of 2nd period - Icing by Steve Downie.
13:54 of 2nd period - Michael Peca wins face-off versus Doug Weight in Red Wings zone.
14:07 of 2nd period - Shot by Kim Johnsson.
14:07 of 2nd period - Stopped by Curtis Sanford without a rebound.
14:08 of 2nd period - Bobby Holik wins face-off versus Michael Peca in Red Wings zone.
14:17 of 2nd period - Off-side.
14:18 of 2nd period - Bobby Holik wins face-off versus Tomas Plekanec in neutral zone.
14:24 of 2nd period - Shot by Lee Stempniak.
14:24 of 2nd period - Shot Misses the Net.
14:26 of 2nd period - Shot by Lee Stempniak.
14:26 of 2nd period - Shot Misses the Net.
14:28 of 2nd period - Shot by Jaroslav Spacek.
14:28 of 2nd period - Stopped by Rick Dipietro without a rebound.
14:29 of 2nd period - Michael Peca wins face-off versus Bobby Holik in Blues zone.
14:49 of 2nd period - Jean-Pierre Dumont is hit by Noah Welch and loses puck.
15:52 of 2nd period - Shot by Fredrik Modin.
15:52 of 2nd period - Shot Misses the Net.
15:54 of 2nd period - Shot by Fredrik Modin.
15:54 of 2nd period - Goal by Fredrik Modin - Red Wings : 2 - Blues : 2.
15:55 of 2nd period - Michael Peca wins face-off versus Michael Rupp in neutral zone.
16:35 of 2nd period - Shot by Michael Peca.
16:35 of 2nd period - Shot Misses the Net.
16:37 of 2nd period - Shot by Michael Peca.
16:37 of 2nd period - Deflect By Pierre-Marc Bouchard.
16:37 of 2nd period - Shot Misses the Net.
17:52 of 2nd period - Shot by Martin St. Louis.
17:52 of 2nd period - Shot Misses the Net.
17:54 of 2nd period - Shot by Tomas Plekanec.
17:54 of 2nd period - Shot Misses the Net.
17:55 of 2nd period - Minor Penalty to Rory Fitzpatrick for Hooking.
17:56 of 2nd period - Tomas Plekanec wins face-off versus Fredrik Modin in Red Wings zone.
18:13 of 2nd period - Shot by Jay Bouwmeester.
18:13 of 2nd period - Shot Misses the Net.
19:33 of 2nd period - Icing by Jay Bouwmeester.
19:34 of 2nd period - Fredrik Modin wins face-off versus Michael Peca in Blues zone.

Period #3

0:01 of 3rd period - Bobby Holik wins face-off versus Tomas Plekanec in neutral zone.
0:25 of 3rd period - Icing by Martin St. Louis.
0:26 of 3rd period - Doug Weight wins face-off versus Tomas Plekanec in Blues zone.
0:34 of 3rd period - Jay Bouwmeester is hit by Marek Malik and loses puck.
0:43 of 3rd period - Shot by Martin St. Louis.
0:43 of 3rd period - Stopped by Curtis Sanford with a rebound.
0:45 of 3rd period - Shot by Jay Bouwmeester.
0:45 of 3rd period - Shot Misses the Net.
0:49 of 3rd period - Shot by Martin St. Louis.
0:49 of 3rd period - Stopped by Curtis Sanford without a rebound.
0:50 of 3rd period - Robert Lang wins face-off versus Jason Jaffray in Red Wings zone.
0:53 of 3rd period - Shot by Robert Lang.
0:53 of 3rd period - Shot Blocked by Jason Jaffray.
0:57 of 3rd period - Shot by Robert Lang.
0:57 of 3rd period - Shot Misses the Net.
1:12 of 3rd period - Icing by Francois Beauchemin.
1:13 of 3rd period - Robert Lang wins face-off versus Bobby Holik in Blues zone.
1:22 of 3rd period - Shot by Jean-Pierre Dumont.
1:22 of 3rd period - Stopped by Curtis Sanford without a rebound.
1:23 of 3rd period - Doug Weight wins face-off versus Pierre-Marc Bouchard in Red Wings zone.
2:50 of 3rd period - Shot by Eric Perrin.
2:50 of 3rd period - Shot Misses the Net.
2:52 of 3rd period - Shot by Eric Perrin.
2:52 of 3rd period - Stopped by Curtis Sanford without a rebound.
2:53 of 3rd period - Robert Lang wins face-off versus Jason Jaffray in Red Wings zone.
3:50 of 3rd period - Ladislav Smid is hit by Darren McCarty.
4:08 of 3rd period - Shot by Michael Peca.
4:08 of 3rd period - Stopped by Curtis Sanford without a rebound.
4:09 of 3rd period - Bobby Holik wins face-off versus Tomas Plekanec in Red Wings zone.
4:21 of 3rd period - Martin St. Louis is hit by Jaroslav Spacek and loses puck.
4:24 of 3rd period - Shot by Eric Perrin.
4:24 of 3rd period - Goal by Eric Perrin - Red Wings : 2 - Blues : 3.
4:25 of 3rd period - Guillaume Latendresse wins face-off versus Doug Weight in neutral zone.
4:35 of 3rd period - Icing by Rory Fitzpatrick.
4:36 of 3rd period - Michael Peca wins face-off versus Doug Weight in Red Wings zone.
4:45 of 3rd period - Shot by Michael Peca.
4:45 of 3rd period - Deflect By Pierre-Marc Bouchard.
4:45 of 3rd period - Shot Misses the Net.
5:31 of 3rd period - Shot by Jason Jaffray.
5:31 of 3rd period - Deflect By Chris Conner.
5:31 of 3rd period - Shot Blocked by Ladislav Smid.
5:33 of 3rd period - Shot by Alex Pietrangelo.
5:33 of 3rd period - Shot Misses the Net.
5:35 of 3rd period - Shot by Matt Ellis.
5:35 of 3rd period - Goal by Matt Ellis - Red Wings : 3 - Blues : 3.
5:36 of 3rd period - Bobby Holik wins face-off versus Tomas Plekanec in neutral zone.
5:45 of 3rd period - Shot by Fredrik Modin.
5:45 of 3rd period - Shot Misses the Net.
5:52 of 3rd period - Martin St. Louis is hit by Jaroslav Spacek and loses puck.
6:00 of 3rd period - Martin St. Louis is hit by Jaroslav Spacek.
6:17 of 3rd period - Icing by Kim Johnsson.
6:18 of 3rd period - Tomas Plekanec wins face-off versus Jason Jaffray in Blues zone.
7:09 of 3rd period - Shot by Steve Downie.
7:09 of 3rd period - Shot Misses the Net.
7:11 of 3rd period - Shot by Steve Downie.
7:11 of 3rd period - Stopped by Rick Dipietro without a rebound.
7:12 of 3rd period - Michael Peca wins face-off versus Michael Rupp in Blues zone.
7:12 of 3rd period - Michael Peca is hit by Michael Rupp.
7:25 of 3rd period - Minor Penalty to Michael Peca for Tripping.
7:26 of 3rd period - Jay Pandolfo wins face-off versus Doug Weight in neutral zone.
8:47 of 3rd period - Shot by Fredrik Modin.
8:47 of 3rd period - Shot Misses the Net.
8:59 of 3rd period - Martin St. Louis is hit by Bobby Holik and loses puck.
9:52 of 3rd period - Shot by Jason Jaffray.
9:52 of 3rd period - Stopped by Rick Dipietro without a rebound.
9:53 of 3rd period - Gregory Campbell wins face-off versus Michael Rupp in Blues zone.
9:53 of 3rd period - Gregory Campbell is hit by Michael Rupp.
10:12 of 3rd period - Shot by Nate Thompson.
10:12 of 3rd period - Shot Misses the Net.
10:14 of 3rd period - Shot by Marek Malik.
10:14 of 3rd period - Stopped by Rick Dipietro without a rebound.
10:15 of 3rd period - Doug Weight wins face-off versus Robert Lang in Blues zone.
10:42 of 3rd period - Robert Lang is hit by Rory Fitzpatrick and loses puck.
12:49 of 3rd period - Shot by Pierre-Marc Bouchard.
12:49 of 3rd period - Deflect By Michael Peca.
12:49 of 3rd period - Shot Misses the Net.
12:51 of 3rd period - Shot by Pierre-Marc Bouchard.
12:51 of 3rd period - Shot Blocked by Jaroslav Spacek.
13:12 of 3rd period - Icing by Phil Kessel.
13:13 of 3rd period - Doug Weight wins face-off versus Gregory Campbell in Blues zone.
13:21 of 3rd period - Shot by Jeff Tambellini.
13:21 of 3rd period - Shot Misses the Net.
13:23 of 3rd period - Shot by Marek Malik.
13:23 of 3rd period - Stopped by Rick Dipietro with a rebound.
13:25 of 3rd period - Shot by Steve Downie.
13:25 of 3rd period - Stopped by Rick Dipietro with a rebound.
13:27 of 3rd period - Shot by Jeff Tambellini.
13:27 of 3rd period - Shot Misses the Net.
13:29 of 3rd period - Shot by Marek Malik.
13:29 of 3rd period - Shot Blocked by Jay Bouwmeester.
13:31 of 3rd period - Shot by Jeff Tambellini.
13:31 of 3rd period - Shot Misses the Net.
13:33 of 3rd period - Shot by Doug Weight.
13:33 of 3rd period - Shot Misses the Net.
13:35 of 3rd period - Shot by Steve Downie.
13:35 of 3rd period - Stopped by Rick Dipietro without a rebound.
13:36 of 3rd period - Rostislav Olesz wins face-off versus Michael Rupp in Blues zone.
13:56 of 3rd period - Shot by Doug Weight.
13:56 of 3rd period - Stopped by Rick Dipietro with a rebound.
14:00 of 3rd period - Shot by Nate Thompson.
14:00 of 3rd period - Stopped by Rick Dipietro without a rebound.
14:01 of 3rd period - Michael Peca wins face-off versus Jason Jaffray in Blues zone.
14:28 of 3rd period - Shot by Chris Conner.
14:28 of 3rd period - Shot Misses the Net.
14:30 of 3rd period - Shot by Chris Conner.
14:30 of 3rd period - Stopped by Rick Dipietro without a rebound.
14:31 of 3rd period - Steve Downie wins face-off versus Robert Lang in Blues zone.
14:36 of 3rd period - Shot by Doug Weight.
14:36 of 3rd period - Stopped by Rick Dipietro with a rebound.
14:40 of 3rd period - Shot by Steve Downie.
14:40 of 3rd period - Shot Misses the Net.
14:42 of 3rd period - Shot by Doug Weight.
14:42 of 3rd period - Stopped by Rick Dipietro without a rebound.
14:43 of 3rd period - Tomas Plekanec wins face-off versus Michael Rupp in Blues zone.
14:49 of 3rd period - Minor Penalty to Michael Rupp for Holding.
14:50 of 3rd period - Tomas Plekanec wins face-off versus Fredrik Modin in neutral zone.
15:00 of 3rd period - Shot by Jay Bouwmeester.
15:00 of 3rd period - Shot Blocked by Frantisek Kaberle.
15:02 of 3rd period - Shot by Jay Bouwmeester.
15:02 of 3rd period - Stopped by Curtis Sanford without a rebound.
15:03 of 3rd period - Lee Stempniak wins face-off versus Robert Lang in Red Wings zone.
15:36 of 3rd period - Shot by Sergei Fedorov.
15:36 of 3rd period - Shot Misses the Net.
15:46 of 3rd period - Jaroslav Spacek is hit by Tomas Plekanec and loses puck.
16:03 of 3rd period - Shot by Martin St. Louis.
16:03 of 3rd period - Shot Misses the Net.
16:20 of 3rd period - Minor Penalty to Lee Stempniak for Interference.
16:21 of 3rd period - Robert Lang wins face-off versus Steve Downie in neutral zone.
17:27 of 3rd period - Shot by Tomas Plekanec.
17:27 of 3rd period - Stopped by Curtis Sanford without a rebound.
17:28 of 3rd period - Fredrik Modin wins face-off versus Tomas Plekanec in Red Wings zone.
18:16 of 3rd period - Icing by Ladislav Smid.
18:17 of 3rd period - Robert Lang wins face-off versus Nate Thompson in Blues zone.
18:41 of 3rd period - Shot by Phil Kessel.
18:41 of 3rd period - Shot Misses the Net.
18:43 of 3rd period - Shot by Guillaume Latendresse.
18:43 of 3rd period - Shot Misses the Net.
18:45 of 3rd period - Shot by Sergei Fedorov.
18:45 of 3rd period - Shot Misses the Net.
18:49 of 3rd period - Shot by Gregory Campbell.
18:49 of 3rd period - Goal by Gregory Campbell - Red Wings : 3 - Blues : 4.
18:50 of 3rd period - Michael Rupp wins face-off versus Michael Peca in neutral zone.
18:53 of 3rd period - Ladislav Smid is hit by Darren McCarty and loses puck.


Output by the SimonT Hockey Simulator (STHS) for Jason Fisher -- Original Page W3C XHTML 1.0 Valid